 Dungeon Crawl Stone Soup version 0.23-a0-577-g2b1de94 (webtiles) character file.

97 Leeroy the Slasher (level 4, -10/34 HPs)
             Began as a Merfolk Skald on Dec 14, 2018.
             Killed by nerve-wracking pain
             ... invoked by Jessica
              (11 damage)
             ... on level 3 of the Dungeon.
             The game lasted 00:06:55 (2025 turns).

Leeroy the Slasher (Merfolk Skald)                  Turns: 2025, Time: 00:06:57

Health: -10/34     AC:  7    Str: 10 (11) XL:     4   Next: 68%
Magic:  6/7        EV: 11    Int: 12 (13) God:
Gold:   84         SH:  3    Dex: 11 (13) Spells: 3/8 levels left

rFire    . . .     SeeInvis .   a - +0 falchion
rCold    . . .     Gourm    .   E - +0 buckler
rNeg     . . .     Faith    .   b - +0 leather armour
rPois    .         Spirit   .   u - +1 helmet
rElec    .         Reflect  .   o - +0 cloak
rCorr    .         Harm     .   i - +0 pair of gloves
MR       .....                  (no boots)
Stlth    +.........             (no amulet)
HPRegen  0.11/turn              (no ring)
MPRegen  0.10/turn              (no ring)

@: shrouded (expiring), flying
A: change form in water, swift swim, stealthy swim
a: no special abilities


You were on level 3 of the Dungeon.
You were not hungry.

You visited 1 branch of the dungeon, and saw 3 of its levels.

You collected 84 gold pieces.

Inventory:

Hand Weapons
 a - a +0 falchion (weapon)
 j - a +0 spear
 r - a +0 hand axe
 t - a +0 club
 A - a cursed -1 mace
Missiles
 f - 4 tomahawks of returning
 g - 105 stones (quivered)
 n - 17 bolts
 w - 43 arrows
 F - 14 sling bullets
Armour
 b - a +0 leather armour (worn)
 i - a +0 pair of gloves (worn)
 o - a +0 cloak (worn)
 p - a +0 pair of gloves
 s - a +0 chain mail
 u - a +1 helmet (worn)
 D - a +0 large shield
 E - a +0 buckler (worn)
Jewellery
 l - a cursed -3 ring of evasion {unknown}
Wands
 x - a wand of scattershot (3)
Scrolls
 c - a scroll of fear {unknown}
 m - 2 scrolls of identify {unknown}
 q - a scroll of enchant armour
 y - a scroll of remove curse {unknown}
 z - a scroll of blinking {unknown}
 C - a scroll of random uselessness {unknown}
Potions
 h - a potion of lignification {unknown}
 k - a potion of degeneration
 B - a potion of haste {unknown}
 G - a potion of might {unknown}
 H - a potion of heal wounds {unknown}
Comestibles
 d - 5 rations
 v - 5 chunks of flesh


   Skills:
 + Level 2.3 Fighting
 * Level 3.8 Long Blades
 - Level 1.0 Armour
 + Level 3.1 Dodging
 * Level 0.2 Shields
 * Level 2.5 Spellcasting
 + Level 3.7 Charms


You had 3 spell levels left.
You knew the following spells:

 Your Spells              Type           Power        Failure   Level  Hunger
a - Infusion              Chrm           ##..         12%         1    #......
b - Song of Slaying       Chrm           ##......     19%         2    ###....
c - Shroud of Golubria    Chrm/Tloc      #.........   36%         2    ###....

Your spell library contained the following spells:

 Spells                   Type           Power        Failure   Level  Hunger
 Regeneration             Chrm/Necr      #.........   61%         3    ###....
 Spectral Weapon          Hex/Chrm       #.......     61%         3    ###....


Dungeon Overview and Level Annotations

Branches:
Dungeon (3/15)

Altars:

Annotations:
D:3 Jessica


Message History

Unknown command.
You close the door.
Jessica opens the door.
You close the door.
Jessica opens the door.
You close the door.
Jessica opens the door.
You close the door.
Jessica opens the door.
You close the door.
Jessica opens the door.
It was a potion of degeneration.
There was something very wrong with that liquid.
You feel weakened.
You feel dopey.
You feel clumsy.
Jessica shouts, "You're disturbing me!
I'll have to kill you!"
Jessica points at you and mumbles some strange words.
Pain shoots through your body!
* * * LOW HITPOINT WARNING * * *
It was a potion of flight.
You feel very buoyant.
You fly up into the air.
Your shroud begins to fray at the edges.
Jessica points at you and mumbles some strange words.
Pain shoots through your body!
You die...

#.##########.## #.# #.# #.#
#.# #.# ##+## ## #.#
##...## ... #.## ##.....##
...s #..## ##.......##
.....
#...####.........####...#..
.......'.†......@'@........
#...####.........####...>..
...## ##.......## .##..
.### ##.....## # . ##...##
. ##+##


You could see Jessica.

Vanquished Creatures
  4 adders
  2 oozes
  2 worms (D:3)
  2 leopard geckos
  A bat (D:1)
  2 giant cockroaches (D:2)
  7 goblins
  9 hobgoblins
  3 jackals (D:1)
  A frilled lizard (D:2)
  3 kobolds
  7 rats
43 creatures vanquished.

Notes
Turn   | Place    | Note
-------+----------+-------------------------------------------
     0 | D:1      | Leeroy the Merfolk Skald began the quest for the Orb.
     0 | D:1      | Reached XP level 1. HP: 16/16 MP: 3/3
    74 | D:1      | Reached XP level 2. HP: 12/22 MP: 5/5
   217 | D:1      | Learned a level 2 spell: Song of Slaying
   395 | D:1      | Learned a level 2 spell: Shroud of Golubria
   716 | D:2      | Reached XP level 3. HP: 24/27 MP: 6/6
  1023 | D:2      | Reached skill level 1 in Armour
  1174 | D:2      | Reached XP level 4. HP: 32/34 MP: 7/7
  2012 | D:3      | Noticed Jessica
  2024 | D:3      | HP: 1/34 [Jessica/nerve-wracking pain (11)]
  2025 | D:3      | Killed from afar by Jessica

Vault maps used:
D:1:      saegor_arrival_simple_d, patterned_corridor
D:3:      uniq_jessica

Skill      XL: |  1  2  3  4 |
---------------+-------------+-----
Long Blades    | 3 |  3.8
Armour         | 1 |  1.0
Dodging        | 3 |  3.1
Fighting       | |  2.3
Shields        | |  0.2
Spellcasting   | |  2.5
Charms         | |  3.7

Action                   |  1- 3 |  4- 6 || total
-------------------------+-------+-------++-------
Melee: Falchion          |   100 |    77 ||   177
 Cast: Infusion          |     2 |       ||     2
       Song of Slaying   |     1 |       ||     1
       Shroud of Golubri |       |     2 ||     2
  Use: Scroll            |     2 |       ||     2
       Potion            |       |     2 ||     2
 Stab: Sleeping          |       |     2 ||     2
  Eat: Chunk             |     1 |     3 ||     4
Armor: Leather armour    |    38 |    21 ||    59
Dodge: Dodged            |    78 |    34 ||   112
Block: Buckler           |       |     6 ||     6
       Rpst.: Falchion   |    28 |     5 ||    33

Table legend:
 A = Non-vault XP
 B = Vault XP
 C = Vault XP percentage of total XP
 D = Non-vault monster count
 E = Vault monster count
 F = Vault count percentage of total count
                 A         B        C        D         E       F
            +---------+---------+-------+---------+---------+-------
      Total |     139 |       0 |   0.0 |      43 |       0 |   0.0
            +---------+---------+-------+---------+---------+-------
        D:1 |      29 |       0 |   0.0 |      13 |       0 |   0.0
        D:2 |      71 |       0 |   0.0 |      21 |       0 |   0.0
        D:3 |      39 |       0 |   0.0 |       9 |       0 |   0.0
            +---------+---------+-------+---------+---------+-------
